Map: Abyssal Reef LE

Players

Winthrowe - Winner!

  • Race: Terran Terran
  • League: Silver
  • Spawn Location: 5:00

A.I. 1 (Easy)

  • Race: Zerg Zerg
  • Spawn Location: 11:00

VOD

Have the link to the VOD?

Description

Time

  • Played on: Aug. 19, 2017, 12:25 p.m.
  • Length: 14:02
Show
View Real Time Build Order
Export as new Build Order

Winthrowe Terran - Winner!

Build Orders: MMM Bio 

Get SALT Encoding   

  12  0:03  SCV  
  13  0:25  Supply Depot  
  13  0:50  Supply Depot  
  13  1:25  SCV  
  13  1:28  Command Center  
  14  1:35  Barracks  
  14  1:36  Refinery  
  14  1:37  SCV  
  15  1:43  Refinery  
  15  1:50  SCV  
  16  2:02  SCV  
  17  2:14  SCV  
  18  2:26  SCV  
  19  2:32  Factory  
  19  2:38  SCV  
  19  2:41  Orbital Command  
  20  2:50  SCV  
  21  2:58  Barracks Tech Lab  
  21  3:02  SCV  
  22  3:19  Orbital Command  
  22  3:20  SCV  
  23  3:32  SCV  
  24  3:37  Refinery  
  24  3:42  Starport  
  24  3:45  SCV  
  25  3:57  SCV  
  25  4:01  Refinery  
  26  4:09  SCV  
  27  4:11  Marine  
  28  4:20  Engineering Bay  
  28  4:22  Hellion  
  30  4:27  Viking  
  30  4:29  Marine  
  33  4:44  Cyclone  
  36  4:46  Armory  
  36  4:53  SCV  
  36  4:54  SCV  
  38  5:06  Medivac  
  38  5:07  SCV x2  
  42  5:13  Supply Depot  
  42  5:19  Liberator, SCV x2  
  44  5:31  SCV x2  
  44  5:35  Marauder  
  48  5:37  Supply Depot  
  51  5:43  SCV x2  
  51  5:44  Ghost Academy  
  51  5:49  Factory Tech Lab  
  53  5:54  Stimpack  
  53  5:55  SCV  
  54  5:59  SCV  
  54  6:00  Supply Depot  
  55  6:07  Terran Infantry Weapons Level 1, SCV  
  55  6:11  SCV  
  57  6:13  Terran Vehicle Weapons Level 1  
  57  6:17  Ghost  
  59  6:27  Fusion Core  
  59  6:29  Starport Tech Lab  
  59  6:33  Infernal Pre-Igniter  
  59  6:43  Siege Tank  
  62  7:10  SCV x2  
  62  7:15  Thor  
  70  7:38  SCV  
  70  7:39  Sensor Tower  
  70  7:46  SCV  
  70  7:50  SCV  
  70  7:55  Combat Shields  
  70  7:59  Missile Turret  
  70  8:01  Personal Cloaking, Terran Infantry Armor Level 1  
  70  8:05  Weapon Refit  
  70  8:22  Battlecruiser, SCV x2  
  78  8:34  SCV x2  
  78  8:40  Command Center  
  80  8:46  SCV x2  
  82  8:58  SCV x2  
  82  8:59  Thor  
  90  9:10  SCV x2  
  90  9:13  Concussive Shells  
  92  9:18  Marauder  
  94  9:36  Supply Depot x2  
  94  9:37  Supply Depot  
  94  9:39  Supply Depot x2  
  94  9:40  Supply Depot  
  94  9:51  Battlecruiser, SCV x2, Marauder  
  104  10:02  Terran Infantry Armor Level 2, Barracks  
  104  10:04  Command Center  
  104  10:07  Terran Ship Weapons Level 1  
  104  10:13  Marauder  
  106  10:21  Nuke  
  106  10:34  Marauder  
  108  10:53  Cyclone  
  108  10:56  Marauder  
  113  11:17  Marauder  
  115  11:25  Cyclone  
  115  11:29  Barracks Reactor  
  115  11:30  Refinery  
  115  11:32  Refinery  
  118  11:33  Refinery  
  118  11:35  Battlecruiser  
  118  11:38  Marauder, Refinery  
  126  11:57  Cyclone  
  126  12:00  Marauder  
  131  12:02  Terran Vehicle And Ship Armor Level 1  
  133  12:30  Hellion  
  133  12:31  SCV  
  133  12:32  SCV x2  
  136  12:39  Battlecruiser  
  136  12:43  SCV  
  143  12:44  SCV x2  
  143  12:47  Marauder  
  151  12:51  Hellion  
  151  12:56  SCV x3  
  154  13:09  Marine, Marauder  
  154  13:10  Marine  
  158  13:13  Supply Depot, Hellion  
  155  13:27  Marine x2  
  155  13:30  Marauder  
  159  13:36  Supply Depot  
  165  13:58  Supply Depot  
Show
View Real Time Build Order
Export as new Build Order

A.I. 1 (Easy) Zerg 

Build Orders: Pool First 

Get SALT Encoding   

  12  0:01  Drone  
  13  0:12  Overlord  
  13  0:17  Drone  
  14  0:30  Drone  
  14  0:35  Drone  
  16  0:42  Spawning Pool  
  16  0:45  Drone  
  16  0:49  Extractor  
  15  0:52  Drone  
  16  0:59  Overlord  
  16  1:29  Queen  
  16  1:30  Zergling x2  
  19  1:34  Roach Warren  
  19  1:35  Extractor  
  19  1:38  Drone  
  18  1:43  Drone  
  19  1:56  Zergling x2  
  20  2:08  Overlord  
  20  2:22  Roach  
  22  2:37  Drone  
  22  2:42  Drone  
  24  2:47  Roach  
  26  2:52  Overlord  
  26  2:57  Drone  
  27  3:02  Drone  
  28  3:07  Drone  
  28  3:12  Drone  
  30  3:13  Roach  
  32  3:39  Roach  
  34  4:04  Roach  
  36  7:05  Drone, Overlord, Zergling x2, Lair  
  38  7:14  Hatchery  
  37  7:35  Zergling x2  
  26  7:54  Zergling x2  
  27  8:02  Overseer x2  
  27  8:04  Spire  
  26  8:26  Drone  
  27  8:30  Drone  
  28  8:34  Extractor  
  28  8:35  Drone  
  28  8:36  Extractor  
  28  8:39  Drone  
  28  8:43  Drone  
  28  8:47  Drone  
  30  8:52  Drone  
  31  8:56  Drone  
  31  9:00  Drone  
  33  9:05  Drone  
  33  9:09  Drone  
  35  9:13  Drone  
  35  9:16  Mutalisk  
  36  9:17  Drone  
  36  9:22  Drone  
  40  9:26  Drone  
  40  9:30  Drone  
  42  9:35  Mutalisk, Drone  
  45  9:39  Drone  
  45  9:43  Drone  
  47  9:48  Drone  
  47  9:52  Drone  
  49  9:53  Mutalisk, Overlord  
  49  9:56  Drone  
  52  10:01  Drone  
  52  10:05  Drone  
  54  10:09  Drone  
  54  10:12  Mutalisk  
  54  10:13  Drone  
  58  12:20  Pneumatized Carapace  
  58  12:21  Overseer, Overlord  
  58  12:22  Infestation Pit  
  52  12:24  Zergling x2, Hydralisk Den  
  52  12:27  Evolution Chamber  
  45  12:31  Hatchery  
  44  12:52  Hydralisk  
  47  13:12  Roach  
  47  13:26  Mutalisk  
  44  13:29  Drone  
  44  13:33  Drone  
  40  13:35  Overseer, Overlord  
  40  13:38  Overlord, Drone  
  29  13:41  Roach  
  29  13:42  Drone  
  29  13:46  Drone  
  29  13:48  Evolution Chamber  
Tags
 
Composition
MMM Bio
League
Silver
Matchup
TvZ
Opening
Pool First
Spawn Locations
Cross Positions
Add a new tag
Caveats
  • Supply blocks, unpowered buildings, or Contaminate may cause inaccurate times.
  • Supply counts are checked every 10 seconds.